 Dungeon Crawl Stone Soup version 0.31-a0-237-g2d982f9f85 (webtiles) character file.

Game seed: 11523826013197907007

74 qw the Shooter (level 4, 0/36 HPs)
             Began as a Minotaur Hexslinger on July 11, 2023.
             Slain by an orc wizard
             ... wielding a +1 dagger of venom
              (4 damage)
             ... on level 3 of the Dungeon.
             The game lasted 00:00:43 (2184 turns).

qw the Shooter (Minotaur Hexslinger)                Turns: 2184, Time: 00:00:43

Health: 0/36       AC:  6    Str: 12    XL:     4   Next: 9%
Magic:  4/4        EV: 11    Int: 10    God:
Gold:   147        SH:  0    Dex: 15    Spells: 4/5 levels left

rFire   . . .        Y - +1 sling (drain)
rCold   . . .        (no shield)
rNeg    . . .        f - +0 ring mail
rPois   .            (helmet restricted)
rElec   .            c - +0 cloak
rCorr   .            (no gloves)
SInv    .            (no boots)
Will    .....        (no amulet)
Stlth   +            (no ring)
HPRegen 0.26/turn    (no ring)
MPRegen 0.09/turn

%: no passive effects
@: no status effects
A: horns 2, retaliatory headbutt
a: no special abilities


You were on level 3 of the Dungeon.
You visited 1 branch of the dungeon, and saw 3 of its levels.

You collected 147 gold pieces.


Innate Abilities, Weirdness & Mutations

You have a pair of horns on your head.
You reflexively headbutt those who attack you in melee.


   Skills:
 - Level 2.0 Fighting
 + Level 4.3 Ranged Weapons
 - Level 1.2 Armour
 - Level 2.1 Dodging
 - Level 1.0 Spellcasting
 - Level 2.0 Hexes


You had 4 spell levels left.
You knew the following spells:

 Your Spells              Type           Power      Damage    Failure   Level
a - Slow                  Hex            16%        N/A       34%         1

Your spell library contained the following spells:

 Spells                   Type           Power      Damage    Failure   Level
 Inner Flame              Hex/Fire       2%         N/A       83%         3
 Portal Projectile        Hex/Tloc       4%         N/A       83%         3
 Cause Fear               Hex            2%         N/A       98%         4

Inventory:

Hand Weapons
 Y - a +1 sling of draining (weapon)
Armour
 c - a +0 cloak (worn)
 f - a +0 ring mail (worn)
Scrolls
 d - a scroll of identify {unknown}
 e - 2 scrolls of enchant weapon {unknown}
Potions
 a - a potion of degeneration {unknown}
 b - a potion of might
 g - a potion of mutation {unknown}
 i - a potion of heal wounds {unknown}

Dungeon Overview and Level Annotations

Branches:
Dungeon (3/15)

Altars:

Shops:
D:1 (


Message History

You feel sick.
2169 ||| FLEEEEING.
You feel sick.
2170 ||| FLEEEEING.
You feel sick.
A magic dart appears from out of thin air!
The magic dart hits you.
2171 ||| FLEEEEING.
You feel sick.
2172 ||| FLEEEEING.
You feel sick.
2173 ||| STILL FLEEEEING.
You feel sick.
You are no longer poisoned.
2174 ||| STILL FLEEEEING.
2175 ||| FLEEEEING.
Enter note:
Enter note:
2176 ||| FLEEEEING.
2177 ||| FLEEEEING.
2178 ||| FLEEEEING.
2179 ||| FLEEEEING.
2180 ||| FLEEEEING.
An orc wizard appears from thin air!
Reactivating autopickup.
You shoot a sling bullet.
The sling bullet barely misses the orc wizard.
The sling bullet hits the orc.
The orc is moderately wounded.
You shoot a sling bullet. The sling bullet hits the orc wizard.
You drain the orc wizard.
The orc wizard is heavily wounded.
You shoot a sling bullet.
The sling bullet hits the orc wizard but does no damage.
The orc wizard is heavily wounded.
The orc wizard hits you but does no damage.
You shoot a sling bullet. The sling bullet hits the orc wizard!
The orc wizard is almost dead.
The orc wizard hits you with a +1 dagger of venom.
You die...

..###....#.####
#.#..).......
#######........
#..........>.
.#...#.....####
######%#####^
........##.# #o# #!
#####.#.##.# #.# #$
#..>...# #o# #. #
###.##.# #.# .. ##
#.##.############ #.#
## .##
#.##......@ooo..####.#
#.#
#.........#####......#
.######..#.####.#
######## .........#.#
#.# ...#####.#.# #.#
...# #.# #.# #..# #.#
#.# #..# #.# #..
#%.### ###


You could see an orc wizard (very drained) and 2 orcs.

Vanquished Creatures
  An adder (D:3)
  A worm (D:2)
  4 dart slugs
  2 orcs (D:3)
  3 ball pythons
  5 bats
  2 endoplasms
  2 giant cockroaches (D:1)
  4 goblins
  8 hobgoblins
  8 kobolds
  2 quokkas
  6 rats
48 creatures vanquished.

Notes
Turn   | Place    | Note
-------+----------+-------------------------------------------
     0 | D:1      | qw the Minotaur Hexslinger began the quest for the Orb.
     0 | D:1      | Reached XP level 1. HP: 16/16 MP: 1/1
     0 | D:1      | 0 ||| qw: Version: 0.3-a-52-g30416fa
     0 | D:1      | 0 ||| qw: Game counter: 5611
     0 | D:1      | 0 ||| qw: Melee chars always use a shield: true
     0 | D:1      | 0 ||| qw: God list: Okawaru
     0 | D:1      | 0 ||| qw: Allow faded altars: false
     0 | D:1      | 0 ||| qw: Do Orc after clearing Dungeon:15 true
     0 | D:1      | 0 ||| qw: Do second Lair branch before Depths: true
     0 | D:1      | 0 ||| qw: Lair rune preference: random
     0 | D:1      | 0 ||| qw: Goals: Normal
     0 | D:1      | 0 ||| PLANNING D:1-11
    72 | D:1      | Reached skill level 3 in Ranged Weapons
    82 | D:1      | Reached XP level 2. HP: 17/23 MP: 2/2
   380 | D:1      | Found Dinn's Weapon Shoppe.
   384 | D:1      | You fall into a shaft and drop 1 floor!
   387 | D:2      | 387 ||| UPGRADING to +0 leather armour.
   397 | D:2      | 397 ||| DROPPING +0 robe.
   398 | D:2      | 398 ||| READING scroll labelled HOINODO RYCOE.
   399 | D:2      | 399 ||| DROPPING scroll of poison.
   402 | D:2      | 402 ||| FLEEEEING.
   403 | D:2      | 403 ||| FLEEEEING.
   406 | D:2      | 406 ||| FLEEEEING.
   407 | D:2      | 407 ||| FLEEEEING.
   408 | D:2      | 408 ||| STAIRDANCE
  1080 | D:1      | 1080 ||| READING scroll labelled GIQEAXI KITRODGH.
  1218 | D:2      | Reached XP level 3. HP: 28/29 MP: 3/3
  1657 | D:2      | Reached skill level 4 in Ranged Weapons
  1850 | D:2      | 1850 ||| UPGRADING to +0 cloak.
  1855 | D:2      | 1855 ||| UPGRADING to +0 ring mail.
  1865 | D:2      | 1865 ||| DROPPING +0 leather armour.
  1866 | D:2      | 1866 ||| READING scroll labelled JUVOYC DUSIOMU.
  1867 | D:2      | 1867 ||| READING scroll labelled OGIM YSEGGUUFO.
  1868 | D:2      | 1868 ||| READING scroll labelled XECRODD QOIS.
  1872 | D:2      | 1872 ||| DRINKING 2 blue potions.
  1962 | D:3      | Reached skill level 1 in Armour
  2124 | D:3      | 2124 ||| FLEEEEING.
  2137 | D:3      | 2137 ||| FLEEEEING.
  2138 | D:3      | 2138 ||| FLEEEEING.
  2139 | D:3      | 2139 ||| FLEEEEING.
  2151 | D:3      | Reached XP level 4. HP: 36/36 MP: 4/4
  2163 | D:3      | 2163 ||| FLEEEEING.
  2164 | D:3      | 2164 ||| FLEEEEING.
  2165 | D:3      | 2165 ||| FLEEEEING.
  2166 | D:3      | 2166 ||| FLEEEEING.
  2167 | D:3      | 2167 ||| FLEEEEING.
  2168 | D:3      | 2168 ||| FLEEEEING.
  2169 | D:3      | 2169 ||| FLEEEEING.
  2170 | D:3      | 2170 ||| FLEEEEING.
  2170 | D:3      | HP: 4/36 [something/magic dart (6)]
  2171 | D:3      | 2171 ||| FLEEEEING.
  2172 | D:3      | 2172 ||| FLEEEEING.
  2173 | D:3      | HP: 1/36 [poisoned by an orc wizard]
  2175 | D:3      | 2175 ||| FLEEEEING.
  2176 | D:3      | 2176 ||| FLEEEEING.
  2177 | D:3      | 2177 ||| FLEEEEING.
  2178 | D:3      | 2178 ||| FLEEEEING.
  2179 | D:3      | 2179 ||| FLEEEEING.
  2180 | D:3      | 2180 ||| FLEEEEING.
  2184 | D:3      | Slain by an orc wizard

Levels and vault maps discovered:
D:1:      erik_arrival_cave_to_civilisation [erik_arrival_cave_to_hall],
          layout_basic, serial_shops, shop, patterned_corridor
D:2:      minmay_wonky_spiral, layout_basic
D:3:      layout_loops_ring, grunt_decor_junction, kennysheep_flooded_box,
          minmay_between

Skill      XL: |  1  2  3 |
---------------+----------+-----
Ranged Weapons | 3 4 |  4.3
Fighting       | 2 |  2.0
Armour         | 1 |  1.2
Dodging        | |  2.1
Spellcasting   | |  1.0
Hexes          | |  2.0

Action                     |  1- 3 |  4- 6 || total
---------------------------+-------+-------++-------
   Fire: Sling             |   117 |    13 ||   130
    Use: Scroll            |     5 |       ||     5
         Potion            |     1 |       ||     1
 Armour: Robe              |     5 |       ||     5
         Leather armour    |     3 |       ||     3
         Ring mail         |     1 |     3 ||     4
  Dodge: Dodged            |    36 |     3 ||    39

Table legend:
 A = Non-vault XP
 B = Vault XP
 C = Vault XP percentage of total XP
 D = Non-vault monster count
 E = Vault monster count
 F = Vault count percentage of total count
                 A         B        C        D         E       F
            +---------+---------+-------+---------+---------+-------
      Total |      95 |      11 |  10.4 |      41 |       7 |  14.6
            +---------+---------+-------+---------+---------+-------
        D:1 |      33 |       4 |  10.8 |      19 |       2 |   9.5
        D:2 |      32 |       2 |   5.9 |      14 |       1 |   6.7
        D:3 |      30 |       5 |  14.3 |       8 |       4 |  33.3
            +---------+---------+-------+---------+---------+-------
